 Dungeon Crawl Stone Soup version 0.24.0-29-g8ce449bc06 (webtiles) character file.

Game seed: 2668373831933022943, levelgen mode: deterministic

627 Froggeryz the Cudgeler (level 7, -7/40 HPs)
             Began as a Gargoyle Gladiator on Nov 16, 2019.
             Engulfed by Ijyb's flame (15 damage)
             ... on level 4 of the Dungeon.
             The game lasted 00:04:03 (2920 turns).

Froggeryz the Cudgeler (Gargoyle Gladiator)         Turns: 2920, Time: 00:04:03

Health: -7/40      AC:  9    Str: 19    XL:     7   Next: 48%
Magic:  7/7        EV: 12    Int:  9    God:
Gold:   162        SH:  5    Dex: 11    Spells: 6/6 levels left

rFire    . . .     SeeInvis .   a - +0 flail
rCold    . . .     Gourm    .   e - +0 buckler
rNeg     + . .     Faith    .   u - +0 leather armour (curse)
rPois    ∞         Spirit   .   c - +0 helmet
rElec    +         Reflect  .   (no cloak)
rCorr    .         Harm     .   m - +0 pair of gloves
MR       .....                  (no boots)
Stlth    +.........             (no amulet)
HPRegen  0.13/turn              (no ring)
MPRegen  0.10/turn              (no ring)

@: no status effects
A: negative energy resistance 1, electricity resistance, unbreathing,
petrification resistance, rot immunity, AC +4
a: no special abilities


You were on level 4 of the Dungeon.
You were not hungry.

You visited 1 branch of the dungeon, and saw 4 of its levels.

You collected 162 gold pieces.

Inventory:

Hand Weapons
 a - a +0 flail (weapon)
Missiles
 d - 3 throwing nets (quivered)
Armour
 c - a +0 helmet (worn)
 e - a +0 buckler (worn)
 m - a +0 pair of gloves (worn)
 u - a cursed +0 leather armour (worn)
Scrolls
 h - 3 scrolls of teleportation {unknown}
 j - 2 scrolls of remove curse {unknown}
 l - 2 scrolls of magic mapping {unknown}
 n - a scroll of enchant armour {unknown}
 o - a scroll of blinking {unknown}
Potions
 g - a potion of curing
 i - a potion of resistance {unknown}
 k - 2 potions of flight {unknown}
 p - a potion of magic {unknown}
 q - a potion of invisibility {unknown}
Comestibles
 f - 7 rations
 s - 2 chunks of flesh


   Skills:
 - Level 2.1 Fighting
 + Level 7.2 Maces & Flails
 - Level 1.7 Throwing
 - Level 2.4 Dodging
 - Level 4.6 Shields


You had 6 spell levels left.
You didn't know any spells.
Your spell library was empty.

Dungeon Overview and Level Annotations

Branches:
Dungeon (4/15)
 Temple: D:4-7

Altars:
Ashenzari
Xom
Yredelemnul

Annotations:
D:4 Ijyb


Innate Abilities, Weirdness & Mutations

You are resistant to torment.
Your stone body is resilient. (AC +4)
You are immune to poison.
You resist negative energy. (rN+)
You are resistant to electric shocks. (rElec)
You can survive without breathing.
You are immune to petrification.
You are immune to rotting.


Message History

Ijyb shouts!
You feel much better. Ijyb hits you but does no damage.
You block the ogre's attack. Ijyb hits you but does no damage.
You hit Ijyb but do no damage. Ijyb barely misses you.
You barely miss Ijyb. Ijyb hits you but does no damage.
You closely miss Ijyb. Ijyb closely misses you.
You closely miss Ijyb. Ijyb barely misses you.
You hit Ijyb.
Ijyb is moderately wounded.
Ijyb zaps a wand.
Ijyb creates a blast of flame!
You are engulfed in blazing flames.
Ouch! That really hurt!
* * * LOW HITPOINT WARNING * * *
Okay, then.
Okay, then.
As you read the scroll labeled USSEET QOOME, it crumbles to dust.
It is a scroll of amnesia.
You feel forgetful for a moment.
You are engulfed in blazing flames.
You die...

... ##.. .####..# ##
.......# .###
.......######....##
#............###..##
#....###.....(.....###..
.).......###..###§§.....
#......#...##Og§@§§.#
.....#.....######§§.####
.......###.[######......
#...............#......
########....###..<.....
##.....# .......
#.#(#.##.# ....
#.#......######
########.###.........#


You could see an ogre and Ijyb.

Vanquished Creatures
  Grinder (D:3)
  Sigmund (D:2)
  A howler monkey (D:4)
  A hound (D:4)
  3 gnolls (D:2)
  8 adders
  A shadow imp (D:2)
  An ooze (D:2)
  An adder skeleton (D:4)
  2 worms (D:2)
  2 dart slugs
  4 leopard geckos
  9 bats
  3 giant cockroaches
  7 goblins
  3 hobgoblins (D:1)
  10 jackals
  3 quokkas
  2 ball pythons
  7 frilled lizards
  6 kobolds
  19 rats
95 creatures vanquished.

Notes
Turn   | Place    | Note
-------+----------+-------------------------------------------
     0 | D:1      | Froggeryz the Gargoyle Gladiator began the quest for the
                  | Orb.
     0 | D:1      | Reached XP level 1. HP: 12/12 MP: 1/1
   163 | D:1      | Reached XP level 2. HP: 16/17 MP: 2/2
   799 | D:2      | Reached skill level 4 in Maces & Flails
   799 | D:2      | Reached XP level 3. HP: 20/21 MP: 3/3
   947 | D:2      | Found a shimmering altar of Xom.
  1253 | D:2      | Reached XP level 4. HP: 22/26 MP: 4/4
  1261 | D:2      | Reached skill level 5 in Maces & Flails
  1540 | D:2      | Noticed Sigmund
  1555 | D:2      | Killed Sigmund
  1555 | D:2      | Reached skill level 6 in Maces & Flails
  1555 | D:2      | Reached XP level 5. HP: 12/30 MP: 5/5
  1555 | D:2      | Reached XP level 6. HP: 14/35 MP: 6/6
  1846 | D:2      | Reached skill level 1 in Shields
  1855 | D:2      | Found a basalt altar of Yredelemnul.
  2136 | D:3      | Noticed Grinder
  2174 | D:3      | Killed Grinder
  2174 | D:3      | Reached XP level 7. HP: 22/40 MP: 7/7
  2783 | D:4      | Found a shattered altar of Ashenzari.
  2832 | D:4      | Reached skill level 7 in Maces & Flails
  2906 | D:4      | Noticed Ijyb
  2920 | D:4      | Engulfed by Ijyb's flame

Levels and vault maps discovered:
D:1:      arrival_zaba_pyramid, layout_basic, minivault_11, minmay_tetromino_o4
D:2:      layout_basic, nicolae_overflow_crystal_walls, xom_teletrap_fun,
          uniq_sigmund
D:3:      layout_basic, first_ration, minmay_rat_hole, uniq_grinder
D:4:      layout_rooms, ashenzari_conservatory_becter, uniq_ijyb

Skill      XL: |  1  2  3  4  5  6  7 |
---------------+----------------------+-----
Maces & Flails | 4 6 7 |  7.2
Shields        | 4 |  4.6
Fighting       | |  2.1
Throwing       | |  1.7
Dodging        | |  2.4

Action                   |  1- 3 |  4- 6 |  7- 9 || total
-------------------------+-------+-------+-------++-------
Melee: Flail             |    80 |   143 |    91 ||   314
Throw: Throwing net      |       |     4 |       ||     4
  Use: Potion            |       |     4 |     1 ||     5
       Scroll            |       |       |     1 ||     1
  Eat: Chunk             |     1 |     3 |     3 ||     7
Armor: Leather armour    |    31 |    65 |    41 ||   137
Dodge: Dodged            |    43 |    99 |    61 ||   203
Block: Buckler           |       |    13 |    13 ||    26
